 Dungeon Crawl Stone Soup version 0.21-a0-531-gacddea6 (webtiles) character file.

109 AverageBear the Cutter (level 4, -3/27 HPs)
             Began as a Deep Elf Fighter on Dec 13, 2017.
             Slain by Exaltedone87's ghost (7 damage)
             ... on level 3 of the Dungeon.
             The game lasted 00:01:38 (1882 turns).

AverageBear the Cutter (Deep Elf Fighter)           Turns: 1882, Time: 00:01:39

Health: -3/27      AC:  9    Str: 18 (19) XL:     4   Next: 59%
Magic:  6/6        EV:  8    Int: 12 (13) God:
Gold:   110        SH:  8    Dex: 11 (14) Spells: 3/3 levels left

rFire    . . .     SeeInvis .   a - +1 rapier
rCold    . . .     Gourm    .   c - +0 shield
rNeg     . . .     Faith    .   h - +3 leather armour
rPois    .         Spirit   .   q - +2 helmet
rElec    .         Reflect  .   (no cloak)
rCorr    .         Harm     .   (no gloves)
MR       .....                  (no boots)
Stlth    +.........             (no amulet)
HPRegen  0.09/turn              (no ring)
MPRegen  0.10/turn              (no ring)

@: mighty
A: no striking features
a: no special abilities


You were on level 3 of the Dungeon.
You were not hungry.

You visited 1 branch of the dungeon, and saw 3 of its levels.

You collected 110 gold pieces.

Inventory:

Hand Weapons
 a - a +1 rapier (weapon)
Armour
 b - a +0 scale mail
 c - a +0 shield (worn)
 h - a +3 leather armour (worn)
 q - a +2 helmet (worn)
Scrolls
 e - a scroll of identify {unknown}
 k - 3 scrolls of remove curse
 n - a scroll of fog
Potions
 m - a potion of mutation {unknown}
 o - a potion of haste {unknown}
Comestibles
 f - 3 bread rations
 g - a meat ration
 j - 2 royal jellies
 l - 3 fruits
 p - 5 chunks of flesh


   Skills:
 - Level 2.4 Fighting
 + Level 4.9 Short Blades
 - Level 2.4 Armour
 - Level 2.4 Shields


You had 3 spell levels left.
You didn't know any spells.

Dungeon Overview and Level Annotations

Branches:
Dungeon (3/15)

Altars:
Nemelex Xobeh
Okawaru
Wu Jian

Annotations:
D:3 Exaltedone87's ghost, amateur DrIE


Message History

The puff of frost hits you!
You puncture Exaltedone87's ghost!
Exaltedone87's ghost is moderately damaged.
Exaltedone87's ghost points at you and mumbles some strange words.
You are frozen.
You puncture Exaltedone87's ghost!
Exaltedone87's ghost is heavily damaged.
Exaltedone87's ghost closely misses you.
You puncture Exaltedone87's ghost!
Exaltedone87's ghost is almost destroyed.
Exaltedone87's ghost hits you!
You closely miss Exaltedone87's ghost.
Exaltedone87's ghost is almost destroyed.
Exaltedone87's ghost points at you and mumbles some strange words.
The puff of frost hits you!
* * * LOW HITPOINT WARNING * * *
You hit Exaltedone87's ghost.
Exaltedone87's ghost is almost destroyed.
Exaltedone87's ghost hits you!
You die...

...... .# ......##.#
.........# ...W.=[..
......#.# ........#
........#)# ..#####.#W#
.....##.#@#####
####.##.##.#.....#
..........#.###.#
#..##.##.#.# #.#
#..##.##.#.###.#####
#.#####...........##.....#
......................##.#
#####.#.###.##..........>#
............#####.###.####


You could see Exaltedone87's ghost.

Vanquished Creatures
  An iguana (D:2)
  Robin (D:3)
  An adder (D:2)
  An ooze (D:1)
  An adder skeleton (D:2)
  A worm (D:2)
  A dart slug (D:1)
  2 leopard geckos (D:1)
  3 orcs (D:3)
  A ball python (D:2)
  A giant cockroach (D:2)
  8 goblins
  7 hobgoblins
  2 quokkas
  2 bats
  5 frilled lizards
  4 kobolds
  4 rats
46 creatures vanquished.

Notes
Turn   | Place    | Note
-------+----------+-------------------------------------------
     0 | D:1      | AverageBear the Deep Elf Fighter began the quest for the Orb.
     0 | D:1      | Reached XP level 1. HP: 13/13 MP: 3/3
   156 | D:1      | Reached XP level 2. HP: 17/18 MP: 4/4
   268 | D:1      | Reached skill level 3 in Short Blades
   639 | D:1      | Reached XP level 3. HP: 11/22 MP: 5/5
  1077 | D:2      | Found an iron altar of Okawaru.
  1321 | D:2      | Found an ornate altar of the Wu Jian Council.
  1332 | D:2      | Reached skill level 4 in Short Blades
  1426 | D:2      | Found a sparkling altar of Nemelex Xobeh.
  1655 | D:2      | Reached XP level 4. HP: 21/27 MP: 6/6
  1834 | D:3      | Noticed Robin
  1849 | D:3      | Killed Robin
  1868 | D:3      | Noticed Exaltedone87's ghost (amateur DrIE)
  1882 | D:3      | Slain by Exaltedone87's ghost

Vault maps used:
D:1:      minmay_arrival_stair_chambers, serial_forest,
          infiniplex_forest_straight_3, infiniplex_forest_clump_long,
          infiniplex_forest_lined_3, infiniplex_forest_straight_2,
          infiniplex_forest_clump_curved, infiniplex_forest_straight_2,
          infiniplex_forest_clump_small, infiniplex_forest_clump_C
D:2:      nemelex_xobeh_ov_fountains_minmay, lemuel_round_altar, first_bread,
          okawaru_gym_becter
D:3:      kennysheep_goblin_castle, chequers_temple_overflow_statue_of_worship,
          nicolae_overflow_hidden_temple, minmay_checkerbox, uniq_robin

Skill      XL: |  1  2  3 |
---------------+----------+-----
Short Blades   | 3 4 |  4.9
Fighting       | |  2.4
Armour         | |  2.4
Shields        | |  2.4

Action                   |  1- 3 |  4- 6 || total
-------------------------+-------+-------++-------
Melee: Rapier            |   131 |    46 ||   177
  Use: Scroll            |     3 |       ||     3
       Potion            |       |     2 ||     2
 Stab: Sleeping          |     1 |       ||     1
  Eat: Chunk             |     2 |     1 ||     3
Armor: Scale mail        |     5 |       ||     5
       Leather armour    |    46 |    14 ||    60
Dodge: Dodged            |    50 |    10 ||    60
Block: Shield            |    62 |    21 ||    83

Table legend:
 A = Spawn XP
 B = Non-spawn XP
 C = Spawn XP percentage of total XP
 D = Spawn monster count
 E = Non-spawn monster count
 F = Spawn count percentage of total count
 G = Total turns spent on level
                    A         B        C        D         E        F      G
               +---------+---------+-------+---------+---------+-------+---------
         Total |       0 |     156 |   0.0 |       0 |      46 |   0.0 |  1882
               +---------+---------+-------+---------+---------+-------+---------
           D:1 |       0 |      46 |   0.0 |       0 |      23 |   0.0 |  1042
           D:2 |       0 |      73 |   0.0 |       0 |      12 |   0.0 |   746
           D:3 |       0 |      37 |   0.0 |       0 |      11 |   0.0 |    94
               +---------+---------+-------+---------+---------+-------+---------
